 Dungeon Crawl Stone Soup version 0.27-a0-1071-ga85bd9520d (console) character file.

Game seed: 12440050447608683544

22 nht the Digger (level 2, 19/19 HPs)
             Began as a Demonspawn Earth Elementalist on Apr 24, 2021.
             Was an Initiate of Ashenzari.
             Quit the game on level 1 of the Dungeon.
             The game lasted 00:01:10 (989 turns).

nht the Digger (Demonspawn Earth Elementalist)       Turns: 989, Time: 00:01:10

Health: 19/19      AC:  2    Str:  8    XL:     2   Next: 68%
Magic:  5/5        EV: 12    Int: 16    God:    Ashenzari [......]
Gold:   34         SH:  0    Dex: 13    Spells: 4/5 levels left

rFire    . . .     SeeInvis .   d - +0 short sword
rCold    . . .     Faith    .   (no shield)
rNeg     . . .     Spirit   .   c - +0 robe
rPois    .         Reflect  .   (no helmet)
rElec    .         Harm     .   (no cloak)
rCorr    .         Rampage  .   (no gloves)
Will     .....                  (no boots)
Stlth    ++........             (no amulet)
HPRegen  0.06/turn              (no ring)
MPRegen  0.09/turn              (no ring)

@: no status effects
A: talons 1
a: Renounce Religion, Curse Item


You were on level 1 of the Dungeon.
You worshipped Ashenzari.
Ashenzari was noncommittal.
You visited 1 branch of the dungeon, and saw 1 of its levels.

You collected 34 gold pieces.

Inventory:

Hand Weapons
 d - a +0 short sword (weapon)
Missiles
 a - a throwing net
 b - 30 stones
Armour
 c - a +0 robe (worn)
Potions
 e - 2 potions of heal wounds
 f - 2 potions of curing


   Skills:
 - Level 1.7 Dodging
 - Level 1.7 Stealth
 - Level 2.0 Spellcasting
 - Level 0.8 Transmutations
 + Level 3.6 Earth Magic


You had 4 spell levels left.
You knew the following spells:

 Your Spells              Type           Power      Damage    Failure   Level
a - Sandblast             Erth           26%        2d8       4%          1

Your spell library contained the following spells:

 Spells                   Type           Power      Damage    Failure   Level
 Passwall                 Tmut/Erth      6%         N/A       12%         2
 Stone Arrow              Conj/Erth      14%        3d7       28%         3
 Petrify                  Tmut/Erth      8%         N/A       63%         4
 Lee's Rapid Deconstruct  Erth           6%         3d7*      77%         5


Dungeon Overview and Level Annotations

Branches:
Dungeon (1/15)

Altars:
Ashenzari


Innate Abilities, Weirdness & Mutations

You have sharp toenails.


Message History

You enter the shallow water.
Moving in this stuff is going to be slow.
You now have 14 gold pieces (gained 1).
You now have 15 gold pieces (gained 1).
There is a faded altar of an unknown god here.
You enter the shallow water.
Moving in this stuff is going to be slow.
You now have 16 gold pieces (gained 1).
You now have 17 gold pieces (gained 1).
There is a faded altar of an unknown god here.
You enter the shallow water.
Moving in this stuff is going to be slow.
You now have 18 gold pieces (gained 1).
You now have 34 gold pieces (gained 16).
A kobold comes into view. It is wielding a +0 club.
Found 2 gold pieces and a green potion.
Found 19 arrows.
The blast of sand hits the kobold!
You kill the kobold!
Things that are here:
a +0 club; a kobold corpse
f - 2 green potions (gained 1)
A frilled lizard comes into view.
A frilled lizard is nearby!
The blast of sand hits the frilled lizard.
You kill the frilled lizard!
You enter the shallow water.
Moving in this stuff is going to be slow.
There is a faded altar of an unknown god here.
You cannot tell which god this altar belongs to.
Convert to them anyway?
Ashenzari accepts your prayer! Ashenzari welcomes you!
e - 2 potions of heal wounds;
f - 2 potions of curing Ashenzari warns you of distant threats and treasures.
Ashenzari reveals the structure of the dungeon to you.
Ashenzari shows you where magical portals lie.
Ashenzari prevents you from stumbling into unseen traps.
Ashenzari identifies your possessions.
Unknown command.
Press < or > to pray at altars.
You enter the shallow water.
Moving in this stuff is going to be slow.
Ashenzari invites you to partake of a vision and a curse of evocations and companions.
Are you sure you want to abandon this character and quit the game? (Confirm with "yes".)

.█.....█.██...≈≈≈..██.█
......█.██........███.█.
.......███..███......... .██
███..███ █..█......██.█. ..█
.....█ █..█.█..████.█ ███..
██...█ █............█ █... █...█
█.......██████ ... █...█
███████.█ █.█ █.>.█
████@██████████.█ █...█
█...............██.█.
██...████████.██.................
............█.██.██........██....
..............$............█ ██.
............█..█.██........█
██...██████ █.....(........█
█...█ ██.█......)....█ █...█ █


█████████████ There were no monsters in sight!

Vanquished Creatures
  A ball python (D:1)
  3 bats (D:1)
  3 endoplasms (D:1)
  2 giant cockroaches (D:1)
  2 hobgoblins (D:1)
  2 quokkas (D:1)
  A frilled lizard (D:1)
  2 kobolds (D:1)
  3 rats (D:1)
19 creatures vanquished.

Notes
Turn   | Place    | Note
-------+----------+-------------------------------------------
     0 | D:1      | nht the Demonspawn Earth Elementalist began the quest for
                  | the Orb.
     0 | D:1      | Reached XP level 1. HP: 13/13 MP: 3/3
    48 | D:1      | Reached skill level 3 in Earth Magic
    90 | D:1      | Gained mutation: You have sharp toenails. [demonic
                  | ancestry]
    90 | D:1      | Reached XP level 2. HP: 11/19 MP: 0/5
   906 | D:1      | Found a faded altar of an unknown god.
   979 | D:1      | Became a worshipper of Ashenzari the Shackled
   989 | D:1      | Quit the game

Illustrated notes

Levels and vault maps discovered:
D:1:      roderic_crossed_star, layout_loops_cross,
          hellmonk_ecumenical_altar_pennies_from_heaven, chequers_garden

Skill      XL: |  1 |
---------------+----+-----
Earth Magic    | 3 |  3.6
Dodging        | |  1.7
Stealth        | |  1.7
Spellcasting   | |  2.0
Transmutations | |  0.8

Action                   || total
-------------------------++-------
Melee: Short sword       ||     6
       Kick              ||     2
 Cast: Sandblast         ||    25
Armor: Robe              ||     4
Dodge: Dodged            ||    10

Table legend: (Time is in decaauts)
 A = Elapsed time spent in this place.
 B = Non-inter-level travel time spent in this place.
 C = Inter-level travel time spent in this place.
 D = Time resting spent in this place.
 E = Time spent auto-exploring this place.
 F = Levels seen in this place.
 G = Mean time per level.
                   A        B        C        D        E       F      G
               +--------+--------+--------+--------+--------+-----+--------+
         Total |    992 |    972 |     20 |      0 |    847 |   1 |  992.0 |
       Dungeon |    992 |    972 |     20 |      0 |    847 |   1 |  992.0 |
               +--------+--------+--------+--------+--------+-----+--------+

Top non-repeatable levels by time:
     D:1: 992 daAuts
